 Dungeon Crawl Stone Soup version 0.17-a0-1393-gcb420ff (console) character file.

186098 utis the Markscentaur (level 17, -6/159 HPs)
             Began as a Centaur Hunter on June 15, 2015.
             Was the Champion of Trog.
             Mangled by a guardian serpent (19 damage)
             ... on level 4 of the Snake Pit on June 16, 2015.
             The game lasted 03:19:18 (59940 turns).

utis the Markscentaur (Centaur Hunter)             Turns: 59940, Time: 03:19:18

Health: -6/159     AC: 29    Str: 19    XL:     17   Next: 83%
Magic:  24/24      EV: 10    Int: 10    God:    Trog [******]
Gold:   362        SH:  0    Dex: 13    Spells: 0 memorised, 16 levels left

rFire  + . .     SeeInvis +     S - +6 longbow (freeze)
rCold  . . .     Clarity  .     U - +4 scale mail "Ysifre" {rCorr Stlth+}
rNeg   . . .     SustAt   .     (no shield)
rPois  .         Gourm    .     j - +2 hat {SInv}
rElec  .         Spirit   .     z - +2 cloak {+Inv}
rCorr  +         Warding  .     J - +1 pair of gloves
rMut   .         Stasis   .     l - +3 centaur barding
MR     +....                    o - amulet of faith {!P}
Stlth  +.........               (no ring)
                                I - ring of protection from fire

@: very slightly contaminated, slowed, drained, somewhat resistant to hostile
enchantments, very unstealthy
A: hooves 3, deformed body, speed 2, tough skin 3, wild magic 1
a: Burn Spellbooks, Berserk, Trog's Hand, Brothers in Arms, Renounce Religion,
Evoke Invisibility


You were on level 4 of the Snake Pit.
You worshipped Trog.
Trog was exalted by your worship.
You were hungry.

You visited 4 branches of the dungeon, and saw 31 of its levels.
You visited the Abyss 1 time.
You also visited: Labyrinth and Ossuary.

You collected 3966 gold pieces.
You spent 3604 gold pieces at shops.

Inventory:

Hand weapons
 a - a +8 longbow of flaming
 b - the +10 dagger of Zin's Esteem {elec, Str+2}
   (You bought it in a shop on level 4 of the Orcish Mines)

   Occasionally, upon striking a foe, it will discharge some electrical energy
   and cause terrible harm.
   It affects your strength (+2).
 c - a +0 blowgun
 S - a +6 longbow of freezing (weapon)
 T - the +9 quick blade of Guehos {venom, -Tele +Fly rPois Int+4}
   (You found it on level 10 of the Dungeon)

   It poisons the flesh of those it strikes.
   It affects your intelligence (+4).
   It protects you from poison.
   It lets you fly.
   It prevents most forms of teleportation.
Missiles
 d - 35 arrows of dispersal {=f}
 m - 18 arrows of flame
 u - 94 poisoned arrows
 O - 9 curare-tipped needles {=f}
 R - 394 arrows (quivered)
 X - 13 arrows of frost
Armour
 j - a +2 hat of see invisible (worn)
 l - a +3 centaur barding (worn)
 z - a +2 cloak of invisibility (worn)
 J - a +1 pair of gloves (worn)
 U - the +4 scale mail "Ysifre" (worn) {rCorr Stlth+}
   (You found it on level 9 of the Dungeon)

   It protects you from acid and corrosion.
   It makes you more stealthy.
Rods
 g - a +4 lightning rod (14/14)
   (You took it off a minotaur in a labyrinth)
Jewellery
 o - an amulet of faith (around neck) {!P}
 I - a ring of protection from fire (left hand)
 N - an uncursed amulet of the gourmand
Magical devices
 v - a wand of cold (11)
 w - a wand of fire (7)
 G - a wand of lightning (4)
 L - a wand of polymorph (12)
 Q - a wand of disintegration (20)
 Z - a wand of teleportation (6)
Scrolls
 f - 2 scrolls of blinking {!r}
 h - a scroll of silence {!r}
 k - 11 scrolls of teleportation {!r}
 C - 7 scrolls of remove curse
 D - a scroll of enchant weapon
 E - 5 scrolls of fog
 H - 10 scrolls of identify
 Y - a scroll of holy word
Potions
 p - 2 potions of resistance
 q - 7 potions of curing
 r - 4 potions of might
 s - 5 potions of agility
 A - 2 potions of haste
 B - 5 potions of flight
 V - 2 potions of cancellation
 W - 2 potions of magic
Books
 K - a book of the Tempests

   Spells                             Type                      Level
   a - Static Discharge               Conjuration/Air              3
   b - Lightning Bolt                 Conjuration/Air              5
   c - Fireball                       Conjuration/Fire             5
   d - Tornado                        Air                          9
   e - Shatter                        Earth                        9
   Trog disapproves of the use of such an item.
Miscellaneous
 i - a fan of gales
 P - a lamp of fire (inert)
Comestibles
 e - 2 bread rations
 n - 8 meat rations
 t - 2 slices of pizza
 F - 2 beef jerkies
 M - 23 royal jellies


   Skills:
 * Level 16.5(15.8) Fighting
 - Level 8.6(8.0) Short Blades
 - Level 20.0(19.2) Bows
 + Level 10.3(9.7) Armour
 + Level 10.6(10.0) Dodging
 - Level 0.5(0.0) Stealth
 - Level 10.0(9.3) Evocations


You had 16 spell levels left.
You didn't know any spells.

Dungeon Overview and Level Annotations

Branches:
Dungeon (15/15)            Temple (0/1) D:5            Lair (8/8) D:10
  Swamp (0/4) Lair:4        Snake (4/4) Lair:3        Slime (0/6) Lair:7
    Orc (4/4) D:12            Elf (0/3) Orc:4        Vaults (0/5) D:14
 Depths (0/5) D:15

Altars:
Fedhas
Gozag
Makhleb
Okawaru
Qazlal
Ru
Trog
Vehumet

Shops:
D:7 *   D:15 ?   Orc:4 [:!(=*}   Snake:1 }?   Snake:3 *


Innate Abilities, Weirdness & Mutations

You have hooves in place of feet.
Armour fits poorly on your strangely shaped body.
You cover ground very quickly.
You have extremely tough skin (AC +3).
Your spells are a little harder to cast, but a little more powerful.


Message History

You are more poisoned.
* * * LOW HITPOINT WARNING * * *
The guardian serpent coils itself and waves its upper body at you.
You feel yourself slow down.
Found an amulet of the gourmand.
A guardian serpent and a mana viper come into view.
Unknown command.
Unknown command.
Drink which item? (? for menu, Esc to quit)
Okay, then.
Evoke which item? (* to show all) (? for menu, Esc to quit)
Okay, then.
Unknown command.
Drink which item? (? for menu, Esc to quit)
You feel better.
Your surroundings suddenly seem different.
The guardian serpent barely misses you.
The guardian serpent closely misses you.
The guardian serpent hits you!!
You die...

.......▓▓ ▓..▓
N..N..⌠.N.▓.
........▓▓▓▓..▓▓
8N..8...N.▓.
....▓▓▓▓▓.▓....▓
.NS.....▓.
...▓▓...▓......▓
..8.N.N.▓.
..▓▓...<▓......▓▓
S.S..⌠"▓▓.
..▓.....▓.......▓
..8....▓..
..▓.....▓▓.S....▓▓
......▓▓.)
..▓......▓......S▓
⌠S....▓...
..▓....^.'.....Sc▓▓
.....▓▓..➘
.▓▓▓....▓▓........▓
▓▓▓.... .▓
▓▓...▓.........▓
▓......
.▓▓▓▓▓▓▓▓........▓▓
▓......
................▓▓
▓▓......
➘..............▓▓
▓.......
...)[......<...▓
........
...............▓
▓▓▓▓....
...............▓
▓▓▓..


You could see 2 anacondas and a guardian serpent.

Vanquished Creatures
  Rupert (Lair:3)
  Gastronok (Lair:2)
  Agnes (D:14)
  A tentacled starspawn (Abyss:1)
  4 greater nagas
  Roxanne (Snake:4)
  A fire giant (D:15)
  An orc warlord (Orc:4)
  The ghost of panicbit the Severer, a powerful MiFi of Okawaru (D:13)
  A draconian shifter (Abyss:2)
  Nessos (D:14)
  A minotaur (Lab)
  A fire dragon (Lair:2)
  A catoblepas (Lair:8)
  16 hydras
  3 centaur warriors
  6 naga warriors
  3 ogre magi
  10 anacondas
  3 death yaks
  15 naga sharpshooters
  6 orc high priests
  A queen ant (Lair:8)
  2 shock serpents (Snake:4)
  Sonja (Orc:2)
  A wretched star (Abyss:1)
  7 skeletal warriors
  A salamander mystic (Snake:4)
  4 naga ritualists
  A wizard (D:14)
  A deep troll (D:14)
  A giant orange brain (D:11)
  The ghost of l0ser140 the Covert, an experienced SpEn of Okawaru (D:11)
  6 hill giants
  10 mana vipers
  Pikel (D:8)
  2 unseen horrors
  4 orc sorcerers (Orc:4)
  19 ugly things
  8 orc knights
  A lindwurm (Lair:8)
  5 cyclopes
  4 manticores
  24 black mambas
  7 griffons
  10 salamanders
  24 elephants
  Maurice (D:8)
  15 naga magi
  A guardian serpent (Snake:4)
  Psyche (D:10)
  2 gargoyles
  A guardian serpent (shapeshifter) (D:14)
  8 komodo dragons
  7 spiny frogs
  2 kobold demonologists (D:15)
  A queen bee (Lair:3)
  3 ancient zymes
  7 trolls
  A freezing wraith (D:14)
  6 fire drakes
  7 two-headed ogres
  A fire vortex (Lair:4)
  3 polar bears
  3 slime creatures (Lair:7)
  5 boulder beetles
  22 blink frogs
  A raiju (Abyss:2)
  11 wyverns
  A spriggan (Lair:4)
  Sigmund (D:10)
  2 shadows (D:14)
  A deep elf fighter (D:10)
  A steam dragon (D:10)
  60 yaks
  9 basilisks
  7 vampire mosquitoes
  17 hippogriffs
  5 humans (D:10)
  2 wraiths
  3 deep elf magi
  25 wolves
  38 nagas
  A hungry ghost (D:11)
  2 mottled dragons (D:13)
  7 soldier ants (Lair:8)
  6 swamp worms (Lair:4)
  5 ice beasts
  5 eyes of draining
  14 porcupines
  6 wargs
  17 water moccasins
  2 hell hounds (D:14)
  36 orc warriors
  4 black bears
  2 wasps
  A slave (D:8)
  A phantom (D:9)
  4 sky beasts
  36 ogres
  25 centaurs
  22 crocodiles
  9 necrophages
  4 brain worms (D:11)
  4 big kobolds
  Blork the orc (D:4)
  17 giant frogs
  2 water moccasin zombies (Ossuary)
  A wyvern skeleton (D:13)
  3 scorpions
  14 killer bees (Lair:3)
  A small abomination (Abyss:2)
  21 wights
  3 electric eels
  A giant frog zombie (D:7)
  8 hounds
  6 crimson imps
  2 centaur zombies (D:8)
  A wyvern simulacrum (D:14)
  25 orc wizards
  3 quasits
  17 orc priests
  9 jellies
  A giant frog skeleton (D:8)
  6 iguanas
  Ijyb (D:2)
  3 centaur skeletons
  A gnoll shaman (D:7)
  30 worker ants
  3 big kobold zombies (Ossuary)
  14 sheep
  2 worker ant zombies
  3 mummies
  Robin (D:2)
  5 gnolls
  9 adders
  43 river rats
  3 shadow imps
  6 oozes
  2 adder skeletons
  6 adder zombies
  A worm (D:2)
  4 giant geckos
  168 orcs
  A ball python (D:5)
  A bat zombie (D:7)
  4 giant cockroaches
  22 goblins
  24 hobgoblins
  21 jackals
  A quokka (D:6)
  19 bats
  7 giant newts
  3 gnoll zombies (Ossuary)
  7 hobgoblin zombies (Ossuary)
  32 kobolds
  7 kobold zombies (Ossuary)
  5 orc zombies (Ossuary)
  A quokka zombie (D:6)
  29 rats
  A plant (Lair:5)
  A starspawn tentacle (Abyss:1)
1352 creatures vanquished.

Vanquished Creatures (collateral kills)
  A naga warrior (Snake:1)
  2 anacondas
  2 shock serpents (Snake:1)
  A black mamba (Snake:2)
  2 naga magi (Snake:2)
8 creatures vanquished.

Vanquished Creatures (others)
  A flying skull (Abyss:2)
  A hippogriff (D:15)
  A slave (D:8)
  An orc (Orc:2)
  A hobgoblin (D:6)
  8 fungi
  A plant (Lair:1)
  13 starspawn tentacles
  16 starspawn tentacle segments (Abyss:2)
43 creatures vanquished.

Grand Total: 1403 creatures vanquished

Notes
Turn   | Place    | Note
--------------------------------------------------------------
     0 | D:1      | utis the Centaur Hunter began the quest for the Orb.
     0 | D:1      | Reached XP level 1. HP: 17/17 MP: 1/1
   466 | D:1      | Reached XP level 2. HP: 24/24 MP: 2/2
  1277 | D:1      | Reached XP level 3. HP: 27/30 MP: 3/3
  1403 | D:1      | Reached skill level 1 in Short Blades
  1728 | D:2      | Found a faded altar to an unknown god.
  1810 | D:2      | Noticed Ijyb
  1948 | D:2      | Killed Ijyb
  1948 | D:2      | Reached XP level 4. HP: 34/37 MP: 4/4
  2127 | D:2      | Reached skill level 6 in Bows
  2387 | D:2      | Found an opulent altar of Gozag.
  2427 | D:2      | Noticed Robin
  2476 | D:2      | Killed Robin
  2583 | D:2      | Found a sacrificial altar of Ru.
  2712 | D:2      | Found a burning altar of Makhleb.
  2727 | D:2      | Reached skill level 1 in Armour
  2727 | D:2      | Reached XP level 5. HP: 39/42 MP: 5/5
  2876 | D:2      | Noticed a moth of wrath
  2879 | D:2      | Found a bloodstained altar of Trog.
  3862 | D:3      | Reached skill level 7 in Bows
  4621 | D:4      | Found an iron altar of Okawaru.
  4657 | D:4      | Reached XP level 6. HP: 47/51 MP: 6/6
  4658 | D:4      | Noticed a necrophage
  4667 | D:4      | Killed a necrophage
  4708 | D:4      | Noticed an orc warrior
  4975 | D:4      | Found a sand-covered staircase.
  4988 | Ossuary  | Entered an ossuary
  5337 | Ossuary  | Reached skill level 8 in Bows
  5402 | Ossuary  | Reached XP level 7. HP: 45/58 MP: 7/7
  5967 | D:4      | Killed an orc warrior
  6289 | D:4      | Found a blossoming altar of Fedhas.
  6309 | D:4      | Noticed Blork the orc
  6326 | D:4      | Killed Blork the orc
  6326 | D:4      | Reached skill level 9 in Bows
  6973 | D:5      | Entered Level 5 of the Dungeon
  7317 | D:4      | Reached XP level 8. HP: 59/67 MP: 8/8
  7521 | D:2      | Became a worshipper of Trog the Wrathful
  7674 | D:5      | Found a staircase to the Ecumenical Temple.
  8054 | D:5      | Reached skill level 5 in Fighting
  8135 | D:5      | Got a sapphire flail
  8169 | D:5      | Identified the +8 flail "Nas Wiog" {pain, rF+ Str+2} (You found it on level 5 of the Dungeon)
  8581 | D:6      | Found a stormy altar of Qazlal.
  8763 | D:6      | Found a radiant altar of Vehumet.
  9161 | D:6      | Noticed a hill giant
  9223 | D:6      | Killed a hill giant
  9223 | D:6      | Reached skill level 10 in Bows
  9223 | D:6      | Reached XP level 9. HP: 76/78 MP: 9/9
  9293 | D:6      | Acquired Trog's first power
  9973 | D:7      | Found Hadiufoof's General Store.
 10566 | D:7      | Got an ebony hand axe
 10821 | D:7      | Acquired Trog's second power
 11384 | D:8      | Noticed Maurice
 11392 | D:8      | Killed Maurice
 11432 | D:8      | Got a scorched plate armour
 11457 | D:8      | Identified the cursed +1 plate armour "Tetiuhiy" {rN+} (You found it on level 8 of the Dungeon)
 11794 | D:8      | Reached skill level 11 in Bows
 11841 | D:8      | Reached skill level 5 in Dodging
 11846 | D:8      | Reached XP level 10. HP: 90/90 MP: 10/10
 12112 | D:8      | Noticed Pikel
 12134 | D:8      | Killed Pikel
 12562 | D:8      | Gained mutation: Your spells are a little harder to cast, but a little more powerful. [potion of beneficial mutation]
 12563 | D:8      | huhu
 12695 | D:9      | Got a distressingly furry scale mail
 12750 | D:9      | Identified the +4 scale mail "Ysifre" {rCorr Stlth+} (You found it on level 9 of the Dungeon)
 12929 | D:9      | Reached skill level 5 in Armour
 13912 | D:10     | Entered Level 10 of the Dungeon
 13912 | D:10     | Noticed a hill giant
 13919 | D:10     | Killed a hill giant
 14582 | D:10     | Noticed Sigmund
 14597 | D:10     | Reached skill level 12 in Bows
 14608 | D:10     | Reached skill level 10 in Fighting
 14637 | D:10     | Reached XP level 11. HP: 96/99 MP: 11/11
 14638 | D:10     | Noticed Psyche
 14642 | D:10     | Killed Psyche
 14665 | D:10     | Killed Sigmund
 15054 | D:10     | Received a gift from Trog
 15665 | D:10     | Got a scorched quick blade
 15666 | D:10     | Identified the +9 quick blade of Guehos {venom, -Tele +Fly rPois Int+4} (You found it on level 10 of the Dungeon)
 15856 | D:10     | Noticed a hill giant
 15872 | D:10     | Killed a hill giant
 15970 | D:10     | Acquired Trog's third power
 16014 | D:10     | Found a staircase to the Lair.
 16340 | D:11     | Noticed l0ser140's ghost (experienced SpEn)
 16424 | D:11     | Killed l0ser140's ghost
 16496 | D:11     | Noticed a hill giant
 16505 | D:11     | Noticed a skeletal warrior
 16511 | D:11     | Killed a hill giant
 16511 | D:11     | Reached skill level 5 in Short Blades
 16551 | D:11     | Noticed a skeletal warrior
 16823 | D:11     | Noticed a skeletal warrior
 16854 | D:11     | Killed a skeletal warrior
 16954 | D:11     | Killed a skeletal warrior
 17274 | D:11     | Received a gift from Trog
 17402 | D:11     | Killed a skeletal warrior
 17615 | D:11     | Reached XP level 12. HP: 102/108 MP: 12/12
 18128 | D:11     | Noticed a giant orange brain
 18141 | D:11     | Killed a giant orange brain
 18216 | Lair:1   | Entered Level 1 of the Lair of Beasts
 18436 | Lair:1   | Received a gift from Trog
 19246 | Lair:1   | Reached skill level 13 in Bows
 19488 | Lair:1   | Received a gift from Trog
 20035 | Lair:2   | Noticed Gastronok
 20228 | Lair:2   | Reached skill level 1 in Evocations
 20251 | Lair:2   | Noticed an eight-headed hydra
 20291 | Lair:2   | Killed an eight-headed hydra
 21016 | Lair:2   | Killed Gastronok
 21016 | Lair:2   | Reached skill level 5 in Evocations
 21302 | Lair:2   | Noticed a fire dragon
 21321 | Lair:2   | Killed a fire dragon
 21330 | Lair:2   | Reached XP level 13. HP: 44/116 MP: 17/17
 22023 | Lair:3   | Noticed Rupert
 22044 | Lair:3   | Killed Rupert
 22349 | Lair:3   | Found a staircase to the Snake Pit.
 22784 | Lair:3   | Received a gift from Trog
 23509 | Lair:3   | Received a gift from Trog
 24228 | Lair:4   | Reached skill level 14 in Bows
 24795 | Lair:4   | Received a gift from Trog
 25185 | Lair:4   | Received a gift from Trog
 25864 | Lair:4   | Found a staircase to the Swamp.
 25888 | Lair:4   | Received a gift from Trog
 26300 | Lair:5   | Found a labyrinth entrance.
 26312 | Lab      | Entered a labyrinth
 28217 | Lair:5   | Reached XP level 14. HP: 80/127 MP: 16/18
 29170 | Lair:6   | Got a smoking chain mail
 29230 | Lair:6   | Identified the cursed +1 chain mail of Hisatwoc {rPois Int+2} (You found it on level 6 of the Lair of Beasts)
 29683 | Lair:6   | Found a staircase to the Swamp.
 30275 | Lair:6   | Received a gift from Trog
 30547 | Lair:6   | Got a shimmering rapier
 30548 | Lair:6   | Identified the +10 rapier of Accord {pierce, Str+2 Dex+3 Stlth+} (You found it on level 6 of the Lair of Beasts)
 31043 | Lair:7   | Received a gift from Trog
 31057 | Lair:7   | Got a translucent shortbow
 31059 | Lair:7   | Identified the +4 shortbow of Nightmares {freeze, Int+3 Dex+4 Stlth-} (You found it on level 7 of the Lair of Beasts)
 31159 | Lair:7   | Reached skill level 15 in Bows
 32072 | Lair:7   | Found a staircase to the Slime Pits.
 32149 | Lair:7   | Received a gift from Trog
 32707 | Lair:8   | Entered Level 8 of the Lair of Beasts
 34145 | Lair:8   | Received a gift from Trog
 34941 | Lair:8   | Reached XP level 15. HP: 134/136 MP: 17/20
 35770 | Lair:8   | Received a gift from Trog
 36191 | D:12     | Found a staircase to the Orcish Mines.
 36885 | D:12     | Received a gift from Trog
 36885 | D:12     | Reached skill level 16 in Bows
 38173 | D:13     | Noticed panicbit's ghost (powerful MiFi)
 38286 | D:13     | Killed panicbit's ghost
 39280 | D:14     | Noticed Nessos
 39299 | D:14     | Killed Nessos
 40068 | D:14     | Noticed Agnes
 40091 | D:14     | Killed Agnes
 40777 | D:14     | Received a gift from Trog
 41147 | D:14     | Found a gate to the Vaults.
 41328 | D:14     | Received a gift from Trog
 41376 | D:15     | Entered Level 15 of the Dungeon
 41402 | D:15     | Found Geeroppe's Magic Scroll Shoppe.
 41659 | D:15     | Reached XP level 16. HP: 139/147 MP: 22/22
 42400 | D:15     | Reached skill level 10 in Dodging
 42508 | D:15     | Received a gift from Trog
 42527 | D:15     | Found a staircase to the Depths.
 43188 | Snake:1  | Entered Level 1 of the Snake Pit
 43314 | Orc:1    | Entered Level 1 of the Orcish Mines
 43967 | Orc:1    | Reached skill level 15 in Fighting
 44225 | Orc:1    | Got a jewelled dagger
 44226 | Orc:1    | Identified the cursed +2 dagger "Wuzoelam" {pierce, Str+6} (You found it on level 1 of the Orcish Mines)
 44434 | Orc:1    | Received a gift from Trog
 44503 | Orc:1    | Cast into the Abyss (an ogre mage)
 44534 | Abyss:1  | Noticed a tentacled starspawn
 44554 | Abyss:1  | Killed a tentacled starspawn
 44653 | Abyss:1  | Found a corrupted altar of Lugonu.
 44877 | Abyss:2  | Reached skill level 17 in Bows
 44919 | Abyss:2  | Noticed a tentacled starspawn
 45105 | Abyss:2  | Found a corrupted altar of Lugonu.
 45111 | Abyss:2  | Found a corrupted altar of Lugonu.
 45227 | Orc:1    | Escaped the Abyss
 46056 | Orc:2    | Received a gift from Trog
 46233 | Orc:2    | Noticed Sonja
 46234 | Orc:2    | Killed Sonja
 46360 | Orc:2    | Found a bloodstained altar of Trog.
 47578 | Orc:4    | Entered Level 4 of the Orcish Mines
 47578 | Orc:4    | Found Kiumigge's Distillery.
 47764 | Orc:3    | Received a gift from Trog
 48336 | Orc:4    | Paralysed by an orc sorcerer for 2 turns
 48610 | Orc:4    | Found Gimpafaa's Antique Armour Shop.
 48644 | Orc:4    | Found a staircase to the Elven Halls.
 48693 | Orc:4    | Found Nirran's Book Boutique.
 48795 | Orc:4    | Found Fovaty's Jewellery Emporium.
 48799 | Orc:4    | Found Edoa's General Store.
 49079 | Orc:4    | Found Lipt's Gadget Shoppe.
 49378 | Orc:3    | Received a gift from Trog
 50185 | Orc:4    | Found Wucycar's Antique Weapon Emporium.
 50214 | Orc:4    | Bought a pitted dagger for 182 gold pieces
 50214 | Orc:4    | Bought a glowing lajatang for 390 gold pieces
 50214 | Orc:4    | Identified the +10 dagger of Zin's Esteem {elec, Str+2} (You bought it in a shop on level 4 of the Orcish Mines)
 50386 | Orc:4    | Bought a shiny plate armour for 598 gold pieces
 50396 | Orc:4    | Bought a glowing plate armour for 598 gold pieces
 50733 | Snake:1  | Found Wasmicko's Magic Scroll Emporium.
 50750 | Snake:1  | Reached skill level 10 in Armour
 50977 | Orc:4    | Bought an uncursed amulet of faith for 440 gold pieces
 51981 | Snake:1  | Bought a scroll of fog for 30 gold pieces
 51981 | Snake:1  | Bought a scroll of blinking for 112 gold pieces
 51981 | Snake:1  | Bought a scroll of blinking for 112 gold pieces
 51981 | Snake:1  | Bought a scroll of acquirement for 780 gold pieces
 51982 | Snake:1  | Got a brightly glowing shortbow
 51983 | Snake:1  | Identified the +0 shortbow "Lecot" {velocity, rF++} (You acquired it on level 1 of the Snake Pit)
 52442 | Snake:1  | Found Oqooptup's Gadget Boutique.
 52451 | Snake:1  | Bought a wand of teleportation (4) for 336 gold pieces
 53430 | Snake:2  | Reached XP level 17. HP: 81/158 MP: 24/24
 54306 | Snake:2  | Received a gift from Trog
 54306 | Snake:2  | Reached skill level 10 in Evocations
 54703 | Snake:2  | Upgraded the game from 0.17-a0-1382-gc46a074 to 0.17-a0-1393-gcb420ff
 55034 | Snake:3  | Reached skill level 18 in Bows
 55437 | Snake:3  | Found Toravvan's General Store.
 55561 | Snake:3  | Bought a scroll of fog for 26 gold pieces
 55755 | Snake:3  | Got a crude scale mail
 55825 | Snake:3  | Identified the +0 scale mail "Exemimup" {MP+9 Str-2 Dex+2 Slay+2} (You found it on level 3 of the Snake Pit)
 55975 | Snake:3  | Received a gift from Trog
 56276 | Snake:3  | Reached skill level 19 in Bows
 56582 | Snake:4  | Entered Level 4 of the Snake Pit
 58014 | Snake:4  | Received a gift from Trog
 58015 | Snake:4  | Trog, you asshole!
 58445 | Snake:4  | Reached skill level 20 in Bows
 59528 | Snake:4  | Noticed Roxanne
 59555 | Snake:4  | Killed Roxanne
 59720 | Snake:4  | Received a gift from Trog
 59937 | Snake:4  | what?
 59939 | Snake:4  | HP: 6/159 [guardian serpent/bolt of poison (16)]
 59940 | Snake:4  | Mangled by a guardian serpent

Vault maps used:
D:1:      dpeg_arrival_simpleton_a
D:2:      hangedman_ru_absence, makhleb_grotto_becter, tgw_trog,
          nicolae_gozag_cash_rules_everything_around_me, ecumenical_altar_2,
          serial_park_tiny_1, uniq_robin, uniq_iyjb
D:4:      fedhas_altar_2, okawaru_gym_becter, nicolae_ossuary_entry_ruins,
          first_bread, hex_intersection, st_stairs_6, uniq_blork_the_orc
D:5:      minmay_temple_entry_overgrown
D:6:      fiery_altar_vehumet, basic_altar
D:7:      serial_shops, nicolae_shop_temple_entry_statues_fountains
D:8:      serial_undead, serial_undead_d, serial_undead_f, serial_undead_c,
          serial_undead_a, uniq_pikel, uniq_maurice
D:9:      hangedman_little_slice_of_home
D:10:     erik_1, grunt_lair_entry_elf_guard_hut
D:11:     spider_trap, minivault_23, minmay_brain_eaters
D:12:     minmay_weird_star, orc_david_3, minmay_hedge_maze
D:13:     evilmike_minifort, uniq_erolcha
D:14:     david_vaults_4, minmay_misc_feat_columns, uniq_nessos, uniq_agnes
D:15:     grunt_enter_depths_giant_problem, serial_shops, shop_fountains,
          amethyst_killhole
Lair:2:   dragon1_lemuel, lemuel_old_faithful, uniq_gastronok
Lair:3:   guppyfry_snake_entry_island, special_room, uniq_rupert
Lair:4:   boulder_quad_collide, nicolae_swamp_entry_splash_gauntlet,
          grunt_forest_stairs_clearing
Lair:5:   lab_entry_generic, lemuel_fruit_tree, wad_woods_river_01
Lair:6:   swamp_mist_pool
Lair:7:   minmay_slime_entry_pillars
Lair:8:   hangedman_lair_in_review, minmay_another_anthill, serial_bayou_shore_b
Snake:1:  serial_shops, shop_scrolls,
          nicolae_shop_temple_entry_statues_fountains, grunt_ministairs_3,
          nicolae_coiled_stairwell_down
Snake:3:  serial_shops, nicolae_shop_crystal, grunt_ministairs_7
Snake:4:  grunt_snake_rune_serpentine_throne, serial_bayou_shore_b,
          grunt_megastairs_3, uniq_roxanne
Orc:1:    nicolae_orc_sculptors_studio, mines4_lemuel
Orc:2:    basic_altar, abandoned_shop, uniq_sonja
Orc:3:    nicolae_orc_pool_cavern
Orc:4:    grunt_orc_gardens, grunt_orc_garden, grunt_orc_garden,
          grunt_orc_garden, grunt_orc_garden, serial_shops, shop, shop,
          nicolae_shop_trees
Abyss:1:  hangedman_cross_veins
Abyss:2:  hangedman_abyss_exit_choices, evilmike_abyss_exit_12
Abyss:3:  minivault_23, evilmike_abyss_exit_10
Lab:      labyrinth_spiral
Ossuary:  ossuary_tomb_2

Action                   |  1- 3 |  4- 6 |  7- 9 | 10-12 | 13-15 | 16-18 || total
-------------------------+-------+-------+-------+-------+-------+-------++-------
Melee: Short sword       |   153 |   252 |   176 |       |       |       ||   581
       Flail             |       |       |   187 |   360 |       |       ||   547
       Quick blade       |       |       |       |   435 |  1244 |   291 ||  1970
       Dagger            |       |       |       |       |    32 |     6 ||    38
 Fire: Shortbow          |     8 |    73 |   144 |   321 |   635 |    89 ||  1270
       Hunting sling     |       |     4 |    24 |       |       |       ||    28
       Longbow           |       |       |       |       |   527 |  1333 ||  1860
Throw: Stone             |    61 |    68 |    32 |    26 |       |       ||   187
       Javelin           |       |       |       |    12 |    41 |       ||    53
       Tomahawk          |       |       |       |       |     8 |       ||     8
Invok: Berserk           |       |       |     2 |    23 |     5 |     2 ||    32
       Burn Spellbooks   |       |       |     1 |       |       |       ||     1
       Trog's Hand       |       |       |       |    12 |     7 |     7 ||    26
       Brothers in Arms  |       |       |       |       |       |     3 ||     3
 Abil: Evoke Invisibilit |       |       |       |       |    25 |    13 ||    38
Evoke: Fan of gales      |       |       |       |       |       |     1 ||     1
       Lamp of fire      |       |       |       |       |       |     1 ||     1
  Use: Scroll            |     2 |     5 |    10 |    15 |    14 |    10 ||    56
       Potion            |       |       |       |     2 |     5 |     7 ||    14
 Stab: Invisible         |       |       |       |       |   117 |    16 ||   133
  Eat: Chunk             |     2 |     8 |    14 |    31 |    83 |    48 ||   186
       Meat ration       |       |     1 |       |     2 |     1 |     2 ||     6
       Fruit             |       |       |       |     5 |     3 |     1 ||     9
       Pizza             |       |       |       |     3 |     2 |       ||     5
       Beef jerky        |       |       |       |     1 |     1 |     1 ||     3
       Royal jelly       |       |       |       |     1 |       |       ||     1
